cohdb
Replays
Latest Replays
All Replays
Popular Replays
Top Player Replays
Match Explorer
How It Works
Community
CoH3 Stats
Reddit
Sign in to upload your games and track your stats! →
Sign in with Steam
Match 47151723
Unlisted
Match 47151723
Overview
Messages
Build Orders
End
Construct Barracks
Selects Advanced Infantry Battlegroup
Engineer Squad
Riflemen Squad
Riflemen Squad
Selects Convert to Ranger Squad
Ranger Squad
Convert to Ranger Squad
Mechanized Support Center
Selects Frontline Medical Station
Frontline Medical Station
Construct Tank Depot
Selects Infantry Assault
Infantry Assault
M4A1 Sherman Medium Tank
Improvised Armor
M4A1 Sherman Medium Tank
M4A1 76mm Conversion
Selects Ammunition Storage
Infantry Assault
M4A1(76) Sherman Medium Tank
Sultan87
408797217
R0NIN133
野狼
STEVEBUSMILK
Sunny
Moon-Man--14
Tigerlimo_78
0
0
Comments
sign in to comment!
No comments posted yet!